 Dungeon Crawl Stone Soup version 0.27-a0-404-g4390dbc5be (webtiles) character file.

Game seed: 16039550795052018371

25 Nattfarinn the Grave Robber (level 2, -4/19 HPs)
             Began as a Demonspawn Necromancer on Feb 22, 2021.
             Slain by a gnoll
             ... wielding a +0 spear
              (6 damage)
             ... on level 2 of the Dungeon.
             The game lasted 00:02:26 (1569 turns).

Nattfarinn the Grave Robber (DsNe)                  Turns: 1569, Time: 00:02:27

Health: -4/19      AC:  2    Str:  8    XL:     2   Next: 86%
Magic:  2/5        EV: 12    Int: 16    God:
Gold:   83         SH:  0    Dex: 13    Spells: 4/5 levels left

rFire    . . .     SeeInvis .   h - +0 whip (drain)
rCold    . . .     Faith    .   (no shield)
rNeg     . . .     Spirit   .   a - +0 robe
rPois    .         Reflect  .   (no helmet)
rElec    .         Harm     .   (no cloak)
rCorr    .         Rampage  .   (no gloves)
Will     .....                  (no boots)
Stlth    ++........             (no amulet)
HPRegen  0.06/turn              (no ring)
MPRegen  0.09/turn              (no ring)

@: no status effects
A: powered by pain 1
a: no special abilities


You were on level 2 of the Dungeon.
You visited 1 branch of the dungeon, and saw 2 of its levels.

You collected 83 gold pieces.

Inventory:

Hand Weapons
 d - a +0 dagger
 h - a +0 whip of draining (weapon)
Missiles
 b - 12 poisoned darts (quivered)
Armour
 a - a +0 robe (worn)
Scrolls
 c - a scroll of magic mapping {unknown}
 e - 2 scrolls of identify {unknown}
Potions
 g - a potion of invisibility {unknown}


   Skills:
 - Level 1.7 Dodging
 - Level 1.7 Stealth
 - Level 2.0 Spellcasting
 * Level 5.4 Necromancy


You had 4 spell levels left.
You knew the following spells:

 Your Spells              Type           Power        Failure   Level
a - Pain                  Necr           76%          2%          1

Your spell library contained the following spells:

 Spells                   Type           Power        Failure   Level
 Animate Skeleton         Necr           38%          2%          1
 Vampiric Draining        Necr           9%           7%          3
 Animate Dead             Necr           9%           22%         4
 Agony                    Necr           19%          52%         5


Dungeon Overview and Level Annotations

Branches:
Dungeon (2/15)

Altars:


Innate Abilities, Weirdness & Mutations

You sometimes gain a little power by taking damage.


Message History

You are too injured to fight recklessly!
The jackal barks!
Casting: Pain (safe; 2% risk of failure)
Confirm with . or Enter, or press ? or * to list all spells.
Aiming: Pain (safe; 2% risk of failure)
Press: ? - help, Shift-Dir - straight line, f - jackal
Aim: a jackal (chance to affect: 89%)
The jackal writhes in agony.
You kill the jackal!
You start resting.
Magic restored.
You start resting.
A gnoll comes into view. It is wielding a +0 spear.
Casting: Pain (safe; 2% risk of failure)
Confirm with . or Enter, or press ? or * to list all spells.
Aiming: Pain (safe; 2% risk of failure)
Press: ? - help, Shift-Dir - straight line, f - gnoll
Aim: a gnoll, wielding a +0 spear (wandering, hasn't noticed you, chance to affect: 84%)
The gnoll barely resists.
Casting: Pain (safe; 2% risk of failure)
Confirm with . or Enter, or press ? or * to list all spells.
Aiming: Pain (safe; 2% risk of failure)
Press: ? - help, Shift-Dir - straight line, f/p - gnoll
Aim: a gnoll, wielding a +0 spear (chance to affect: 84%)
The gnoll writhes in agony.
Casting: Pain (safe; 2% risk of failure)
Confirm with . or Enter, or press ? or * to list all spells.
Aiming: Pain (safe; 2% risk of failure)
Press: ? - help, Shift-Dir - straight line, f/p - gnoll
Aim: a gnoll, wielding a +0 spear (moderately wounded, chance to affect: 84%)
The gnoll barely resists.
It was a potion of cancellation.
You feel magically purged.
The gnoll hits you from afar with a +0 spear.
You die...

....# ....# ## ..# h...
.##... ... #....# ..
.....# ##.# .....##
########..# .......
.........#########.....##
(..(......†..@.g.<.......
.$......####..........###
######### #..........#
#.............
#..........###
#..........# #..........#
############


You could see a gnoll.

Vanquished Creatures
  An adder (D:2)
  A dart slug (D:1)
  A leopard gecko (D:1)
  3 bats
  A giant cockroach (D:1)
  2 hobgoblins (D:1)
  A jackal (D:2)
  2 goblins (D:1)
  2 rats (D:1)
14 creatures vanquished.

Notes
Turn   | Place    | Note
-------+----------+-------------------------------------------
     0 | D:1      | Nattfarinn the Demonspawn Necromancer began the quest for
                  | the Orb.
     0 | D:1      | Reached XP level 1. HP: 13/13 MP: 3/3
   545 | D:1      | Gained mutation: You sometimes gain a little power by
                  | taking damage. [demonic ancestry]
   545 | D:1      | Reached XP level 2. HP: 19/19 MP: 5/5
   693 | D:1      | Reached skill level 5 in Necromancy
  1569 | D:2      | Slain by a gnoll

Illustrated notes

Levels and vault maps discovered:
D:1:      minmay_arrival_diagonal_passages, layout_basic, serial_park_tiny_1,
          chequers_hall_statues_wall_a
D:2:      layout_rooms, overflow_temple_1_default

Skill      XL: |  1  2 |
---------------+-------+-----
Necromancy     | 5 |  5.4
Dodging        | |  1.7
Stealth        | |  1.7
Spellcasting   | |  2.0

Action                   || total
-------------------------++-------
Melee: Unarmed           ||     1
       Whip              ||     7
       Dagger            ||     3
Throw: Dart              ||    44
 Cast: Pain              ||    13
  Use: Potion            ||     1
Armor: Robe              ||     8
Dodge: Dodged            ||    16

Table legend: (Time is in decaauts)
 A = Elapsed time spent in this place.
 B = Non-inter-level travel time spent in this place.
 C = Inter-level travel time spent in this place.
 D = Time resting spent in this place.
 E = Time spent auto-exploring this place.
 F = Levels seen in this place.
 G = Mean time per level.
                   A        B        C        D        E       F      G
               +--------+--------+--------+--------+--------+-----+--------+
         Total |   1568 |   1512 |     56 |    155 |   1232 |   2 |  784.0 |
       Dungeon |   1568 |   1512 |     56 |    155 |   1232 |   2 |  784.0 |
               +--------+--------+--------+--------+--------+-----+--------+

Top non-repeatable levels by time:
     D:1: 1452 daAuts
     D:2: 116 daAuts
